 Dungeon Crawl Stone Soup version 0.23-a0-650-ga4d50d4d25 (webtiles) character file.

104 MirrMurr the Charmwright (level 4, -2/38 HPs)
             Began as a Gnoll Skald on Jan 5, 2019.
             Slain by an orc
             ... wielding a +0 whip
              (3 damage)
             ... on level 4 of the Dungeon.
             The game lasted 00:05:35 (2206 turns).

MirrMurr the Charmwright (Gnoll Skald)              Turns: 2206, Time: 00:05:35

Health: -2/38      AC:  6    Str: 13    XL:     4   Next: 80%
Magic:  10/11      EV: 13    Int: 16    God:
Gold:   145        SH:  0    Dex: 15    Spells: 4/13 levels left

rFire    . . .     SeeInvis .   a - +0 spear
rCold    . . .     Gourm    .   (no shield)
rNeg     . . .     Faith    .   n - +0 ring mail
rPois    .         Spirit   .   (no helmet)
rElec    .         Reflect  .   (no cloak)
rCorr    .         Harm     .   (no gloves)
MR       .....                  v - +0 pair of boots
Stlth    +.........             (no amulet)
HPRegen  0.12/turn              (no ring)
MPRegen  0.12/turn              (no ring)

@: no status effects
A: distributed training, fangs 1, strong nose
a: no special abilities


You were on level 4 of the Dungeon.
You were not hungry.

You visited 1 branch of the dungeon, and saw 4 of its levels.

You collected 145 gold pieces.

Inventory:

Hand Weapons
 a - a +0 spear (weapon)
 b - a +0 hunting sling
 q - a +0 blowgun
Missiles
 f - 55 stones (quivered)
 h - 48 poisoned needles
Armour
 n - a +0 ring mail (worn)
 v - a +0 pair of boots (worn)
Jewellery
 i - an uncursed ring of see invisible {unknown}
Wands
 d - a wand of digging (5)
Scrolls
 e - a scroll of magic mapping {unknown}
 g - a scroll of amnesia {unknown}
 j - a scroll of enchant armour {unknown}
 k - a scroll of remove curse
 l - a scroll of blinking {unknown}
 m - a scroll of random uselessness {unknown}
 p - a scroll of enchant weapon {unknown}
 r - a scroll of identify
 t - a scroll of teleportation {unknown}
Potions
 o - a potion of haste
Comestibles
 c - 3 rations
 s - 4 chunks of flesh


   Skills:
 + Level 4.7 Fighting
 + Level 1.2 Short Blades
 + Level 1.2 Long Blades
 + Level 1.2 Axes
 + Level 1.2 Maces & Flails
 + Level 4.7 Polearms
 + Level 1.2 Staves
 + Level 1.2 Slings
 + Level 1.2 Bows
 + Level 1.2 Crossbows
 + Level 1.2 Throwing
 + Level 2.8 Armour
 + Level 4.7 Dodging
 + Level 1.2 Stealth
 + Level 1.2 Shields
 + Level 1.2 Unarmed Combat
 + Level 5.1 Spellcasting
 + Level 1.0 Conjurations
 + Level 1.0 Hexes
 + Level 5.5 Charms
 + Level 1.0 Summonings
 + Level 1.0 Necromancy
 + Level 1.0 Translocations
 + Level 1.0 Transmutations
 + Level 1.0 Fire Magic
 + Level 1.0 Ice Magic
 + Level 1.0 Air Magic
 + Level 1.0 Earth Magic
 + Level 1.0 Poison Magic
 + Level 1.3 Invocations
 + Level 1.2 Evocations


You had 4 spell levels left.
You knew the following spells:

 Your Spells              Type           Power        Failure   Level  Hunger
a - Infusion              Chrm           ###.         3%          1    None
b - Spectral Weapon       Hex/Chrm       ##......     24%         3    ###....
c - Shroud of Golubria    Chrm/Tloc      ##........   12%         2    #......
d - Regeneration          Chrm/Necr      ##........   24%         3    ###....

Your spell library contained the following spells:

 Spells                   Type           Power        Failure   Level  Hunger
 Song of Slaying          Chrm           ###.....     4%          2    #......
 Corona                   Hex            #......      21%         1    None
 Ensorcelled Hibernation  Hex/Ice        #.....       30%         2    #......
 Confuse                  Hex            #.......     52%         3    ###....
 Dazzling Spray           Conj/Hex       #.....       52%         3    ###....
 Tukima's Dance           Hex            #.......     52%         3    ###....


Dungeon Overview and Level Annotations

Branches:
Dungeon (3/15)

Altars:
Dithmenos
Elyvilon
Xom
Yredelemnul

Annotations:
D:4 Robin


Innate Abilities, Weirdness & Mutations

Your experience applies equally to all skills.
You have very sharp teeth.
Your uncanny sense of smell can sniff out nearby items.


Message History

The goblin hits your spectral weapon with a +0 dagger.
Your spectral weapon shares its damage with you!
* * * LOW HITPOINT WARNING * * *
It was a potion of cancellation.
You feel magically purged.
The orc wizard hits you but does no damage.
The worker ant barely misses you. The goblin barely misses you.
An adder comes into view.
The goblin hits you but does no damage.
The worker ant bites you but does no damage.
The goblin hits your spectral weapon but does no damage.
The goblin barely misses you.
The goblin barely misses your spectral weapon.
The orc hits you with a +0 whip.
* * * LOW HITPOINT WARNING * * *
The worker ant closely misses you.
The goblin hits your spectral weapon with a +0 dagger.
The goblin hits your spectral weapon.
Your spectral weapon shares its damage with you!
The orc hits you with a +0 whip.
You die...

....##
......######
...........#####
......o...^.([.#
.....Sg.g..###.#
......ggggg# #.#
.......oog(# #)#
........gao# #.#
........go@# #.#
...######### #.#
∆ ....#####.#
#.......#
######..# #.)#
#..# #..# #..#


You could see a worker ant, Robin, an orc priest, an orc wizard, an adder, 3
orcs, 3 hobgoblins, 6 goblins and a friendly spectral +0 spear.

Vanquished Creatures
  A howler monkey skeleton (D:2)
  3 adders
  3 worms (D:2)
  5 orcs
  A ball python (D:2)
  7 bats
  11 goblins
  9 hobgoblins
  A quokka (D:2)
  3 frilled lizards (D:3)
  5 kobolds
  4 rats
53 creatures vanquished.

Notes
Turn   | Place    | Note
-------+----------+-------------------------------------------
     0 | D:1      | MirrMurr the Gnoll Skald began the quest for the Orb.
     0 | D:1      | Reached XP level 1. HP: 20/20 MP: 6/6
   134 | D:1      | Reached XP level 2. HP: 22/26 MP: 2/7
   141 | D:1      | Learned a level 2 spell: Shroud of Golubria
   260 | D:1      | Found a shimmering altar of Xom.
   838 | D:2      | Reached skill level 5 in Spellcasting
   838 | D:2      | Reached XP level 3. HP: 31/31 MP: 3/9
   847 | D:2      | Learned a level 3 spell: Spectral Weapon
   851 | D:2      | Learned a level 3 spell: Regeneration
   951 | D:2      | Reached skill level 1 in Invocations
  1099 | D:2      | Reached skill level 1 in Short Blades
  1099 | D:2      | Reached skill level 1 in Long Blades
  1099 | D:2      | Reached skill level 1 in Axes
  1099 | D:2      | Reached skill level 1 in Maces & Flails
  1099 | D:2      | Reached skill level 1 in Staves
  1099 | D:2      | Reached skill level 1 in Slings
  1099 | D:2      | Reached skill level 1 in Bows
  1099 | D:2      | Reached skill level 1 in Crossbows
  1099 | D:2      | Reached skill level 1 in Throwing
  1099 | D:2      | Reached skill level 1 in Stealth
  1099 | D:2      | Reached skill level 1 in Shields
  1099 | D:2      | Reached skill level 1 in Unarmed Combat
  1099 | D:2      | Reached skill level 1 in Evocations
  1174 | D:2      | Found a shadowy altar of Dithmenos.
  1328 | D:2      | Reached XP level 4. HP: 38/38 MP: 11/11
  1391 | D:3      | Found a white marble altar of Elyvilon.
  2079 | D:3      | Found a basalt altar of Yredelemnul.
  2128 | D:3      | Reached skill level 1 in Conjurations
  2128 | D:3      | Reached skill level 1 in Hexes
  2128 | D:3      | Reached skill level 1 in Summonings
  2128 | D:3      | Reached skill level 1 in Necromancy
  2128 | D:3      | Reached skill level 1 in Translocations
  2128 | D:3      | Reached skill level 1 in Transmutations
  2128 | D:3      | Reached skill level 1 in Fire Magic
  2128 | D:3      | Reached skill level 1 in Ice Magic
  2128 | D:3      | Reached skill level 1 in Air Magic
  2128 | D:3      | Reached skill level 1 in Earth Magic
  2128 | D:3      | Reached skill level 1 in Poison Magic
  2130 | D:3      | You fall through a shaft!
  2196 | D:4      | Noticed Robin
  2205 | D:4      | HP: 1/38 [orc/+0 whip (5)]
  2206 | D:4      | Slain by an orc

Vault maps used:
D:1:      evilmike_arrival_crescent, xom_teletrap_fun
D:2:      marbit_many_paths
D:3:      elyvilon_altar_5, lemuel_doored_altar
D:4:      kennysheep_slug_shrine, overflow_temple_1_default, lemuel_round_altar,
          uniq_ijyb, uniq_robin

Skill      XL: |  1  2  3  4 |
---------------+-------------+-----
Spellcasting   | 5 |  5.1
Invocations    | 1 |  1.3
Short Blades   | 1 |  1.2
Long Blades    | 1 |  1.2
Axes           | 1 |  1.2
Maces & Flails | 1 |  1.2
Staves         | 1 |  1.2
Slings         | 1 |  1.2
Bows           | 1 |  1.2
Crossbows      | 1 |  1.2
Throwing       | 1 |  1.2
Stealth        | 1 |  1.2
Shields        | 1 |  1.2
Unarmed Combat | 1 |  1.2
Evocations     | 1 |  1.2
Conjurations   | 1 |  1.0
Hexes          | 1 |  1.0
Summonings     | 1 |  1.0
Necromancy     | 1 |  1.0
Translocations | 1 |  1.0
Transmutations | 1 |  1.0
Fire Magic     | 1 |  1.0
Ice Magic      | 1 |  1.0
Air Magic      | 1 |  1.0
Earth Magic    | 1 |  1.0
Poison Magic   | 1 |  1.0
Fighting       | |  4.7
Polearms       | |  4.7
Armour         | |  2.8
Dodging        | |  4.7
Charms         | |  5.5

Action                   |  1- 3 |  4- 6 || total
-------------------------+-------+-------++-------
Melee: Spear             |    53 |    27 ||    80
       Bite              |     3 |     3 ||     6
 Fire: Hunting sling     |    13 |    37 ||    50
Throw: Stone             |     3 |       ||     3
 Cast: Infusion          |    18 |     1 ||    19
       Spectral Weapon   |       |     5 ||     5
  Use: Potion            |       |     3 ||     3
       Scroll            |       |     2 ||     2
 Stab: Sleeping          |     1 |       ||     1
  Eat: Chunk             |     1 |     3 ||     4
Armor: Leather armour    |     6 |       ||     6
       Ring mail         |       |    15 ||    15
Dodge: Dodged            |    24 |    28 ||    52

Table legend:
 A = Non-vault XP
 B = Vault XP
 C = Vault XP percentage of total XP
 D = Non-vault monster count
 E = Vault monster count
 F = Vault count percentage of total count
                 A         B        C        D         E       F
            +---------+---------+-------+---------+---------+-------
      Total |     144 |       5 |   3.4 |      50 |       3 |   5.7
            +---------+---------+-------+---------+---------+-------
        D:1 |      27 |       0 |   0.0 |      16 |       0 |   0.0
        D:2 |      74 |       1 |   1.3 |      18 |       1 |   5.3
        D:3 |      31 |       0 |   0.0 |      12 |       0 |   0.0
        D:4 |      12 |       4 |  25.0 |       4 |       2 |  33.3
            +---------+---------+-------+---------+---------+-------
